 Dungeon Sprint DCSS version 0.30-a0-451-ge042605de7 (webtiles) character file.

Game seed: 17811382957197280364

1387 rocky1 the Fighter (level 8, -1/145 HPs)
             Began as an Ogre Gladiator on Dec 12, 2022.
             Was a Priest of Okawaru.
             Succumbed to a water moccasin's poison
             ... in the Dungeon (Sprint VII: "The Pits").
             The game lasted 00:03:53 (1011 turns).

rocky1 the Fighter (Ogre Gladiator)                 Turns: 1011, Time: 00:03:54

Health: -1/145     AC:  3    Str: 21    XL:     8   Next: 67%
Magic:  10/11      EV: 14    Int:  9    God:    Okawaru [***...]
Gold:   0          SH:  0    Dex: 10    Spells: 7/7 levels left

rFire   . . .      SeeInvis .    p - +3 battleaxe
rCold   . . .      Faith    .    (shield currently unavailable)
rNeg    . . .      Spirit   .    b - +0 robe
rPois   .          Reflect  .    c - +0 hat
rElec   .          Harm     .    (no cloak)
rCorr   .          Rampage  .    (gloves unavailable)
Will    .....      NoTele   +    (boots unavailable)
Stlth   ..........               (no amulet)
HPRegen 0.44/turn                (no ring)
MPRegen 0.12/turn                (no ring)

@: berserking, lethally poisoned (-1 -> -23), heroic, very quick
A: large, unfitting armour, tough skin 1
a: Renounce Religion, Heroism


You were in the Dungeon.
You worshipped Okawaru.
Okawaru was most pleased with you.
You visited 1 branch

Inventory:

Hand Weapons
 a - a +0 war axe
 p - a +3 battleaxe (weapon)
Missiles
 d - 3 throwing nets
 e - 7 large rocks (quivered)
 o - 2 atropa-tipped darts
Armour
 b - a +0 robe (worn)
 c - a +0 hat (worn)
Scrolls
 k - a scroll of blinking
 m - 5 scrolls of amnesia
 n - a scroll of summoning
Potions
 f - 6 potions of curing
 g - a potion of heal wounds
 h - a potion of haste
 i - 4 potions of magic
 l - 2 potions of invisibility


   Skills:
 + Level 11.4(16.4) Fighting
 * Level 9.5(14.5) Axes
 + Level 8.8(13.8) Throwing
 - Level 3.9(8.9) Armour
 + Level 8.4(13.4) Dodging
 - Level 3.0(8.0) Stealth
 - Level 4.0 Invocations


You had 7 spell levels left.
You didn't know any spells.
Your spell library was empty.

Dungeon Overview and Level Annotations

Branches:
Dungeon (1/1)

Altars:
Ashenzari
Cheibriados
Dithmenos
Elyvilon
Fedhas
Gozag
Hepliaklqana
Kikubaaqudgha
Makhleb
Nemelex Xobeh
Okawaru
Qazlal
Ru
Sif Muna
Trog
Uskayaw
Vehumet
Wu Jian
Xom
Yredelemnul
Zin
The Shining One
Jiyva
Lugonu


Innate Abilities, Weirdness & Mutations

You are too large for most types of armour.
You have tough skin. (AC +1)


Message History

* * * LOW HITPOINT WARNING * * *
The soul eater is healed.
You closely miss the kobold demonologist.
The kobold demonologist is almost dead.
You slash the soul eater! You slash the water moccasin!
* * * LOW HITPOINT WARNING * * *
You feel very sick. The water moccasin barely misses you.
The kobold demonologist casts a spell.
You hit the kobold demonologist.
The kobold demonologist is almost dead.
You miss the water moccasin. You barely miss the soul eater.
* * * LOW HITPOINT WARNING * * *
You feel very sick. The water moccasin bites you.
* * * LOW HITPOINT WARNING * * *
The soul eater closely misses you.
The kobold demonologist closely misses you.
The deep elf pyromancer gestures wildly while chanting.
The deep elf pyromancer blinks!
You slash the kobold demonologist!
You kill the kobold demonologist!
Okawaru is honoured by your kill.
The soul eater disappears in a puff of smoke!
The neqoxec disappears in a puff of smoke!
The rust devil disappears in a puff of smoke!
The white imp disappears in a puff of smoke!
You closely miss the water moccasin.
* * * LOW HITPOINT WARNING * * *
You feel sick. The water moccasin bites you!
* * * LOW HITPOINT WARNING * * *
You are more poisoned.
The water moccasin poisons you!
Your base Axes skill increases to level 9!
Unknown command.
Unknown command.
You slice the water moccasin!!
You kill the water moccasin!
Okawaru accepts your kill.
You die...

#.#..###†####.......#
#.##'#.....##...<...#
#.#........##.......#
#÷#........##.......#
#'###########.......#
#.......#..##########
#.......#)# ###
#...#...#§# ..S#
#..###..#@#K...#
#...#...#)'.K..+
#.......#§#KK..#
#.......§§#KK..#
########### ####


You could see a kobold brigand and 4 kobolds.

Vanquished Creatures
  A cyclops (D)
  A kobold demonologist (D)
  A fire bat (D)
  A floating eye (D)
  An ice beast (D)
  A water moccasin (D)
  2 black bears (D)
  A scorpion (D)
  A wight (D)
  A gnoll bouda (D)
  An orc wizard (D)
  5 gnolls (D)
  An adder (D)
  A river rat (D)
  A giant cockroach (D)
  2 goblins (D)
  2 hobgoblins (D)
  6 jackals (D)
  A kobold (D)
  A giant cockroach zombie (D)
32 creatures vanquished.

Notes
Turn   | Place    | Note
-------+----------+-------------------------------------------
     0 | D        | rocky1 the Ogre Gladiator began the quest for the Orb.
     0 | D        | Reached XP level 1. HP: 22/22 MP: 1/1
    43 | D        | Found a bloodstained altar of Trog.
    43 | D        | Found a shimmering blue altar of Sif Muna.
    43 | D        | Found a viscous altar of Jiyva.
    43 | D        | Found a hazy altar of Hepliaklqana.
    43 | D        | Found an opulent altar of Gozag.
    44 | D        | Found a glowing golden altar of the Shining One.
    44 | D        | Found a glowing silver altar of Zin.
    44 | D        | Found a basalt altar of Yredelemnul.
    44 | D        | Found a shimmering altar of Xom.
    44 | D        | Found an ornate altar of the Wu Jian Council.
    44 | D        | Found a sacrificial altar of Ru.
    44 | D        | Found a stormy altar of Qazlal.
    44 | D        | Found an iron altar of Okawaru.
    44 | D        | Found a sparkling altar of Nemelex Xobeh.
    44 | D        | Found a burning altar of Makhleb.
    44 | D        | Found a blossoming altar of Fedhas.
    44 | D        | Found a white marble altar of Elyvilon.
    44 | D        | Found a shadowy altar of Dithmenos.
    44 | D        | Found a snail-covered altar of Cheibriados.
    46 | D        | Found a radiant altar of Vehumet.
    46 | D        | Found a corrupted altar of Lugonu.
    47 | D        | Found a hide-covered altar of Uskayaw.
    47 | D        | Found an ancient bone altar of Kikubaaqudgha.
    47 | D        | Found a broken altar of Ashenzari.
    56 | D        | Became a worshipper of Warmaster Okawaru
    70 | D        | Reached skill level 3 in Fighting
    97 | D        | HP: 1/23 [river rat (2)]
   100 | D        | Reached skill level 1 in Stealth
   100 | D        | Reached skill level 1 in Invocations
   100 | D        | Reached XP level 2. HP: 31/31 MP: 2/2
   207 | D        | Noticed a floating eye
   207 | D        | Noticed a scorpion
   213 | D        | Killed a scorpion
   213 | D        | Reached * piety under Okawaru
   213 | D        | Paralysed by a floating eye for 3 turns
   214 | D        | Reached skill level 4 in Fighting
   214 | D        | Reached skill level 1 in Armour
   214 | D        | Reached XP level 3. HP: 40/40 MP: 2/4
   214 | D        | Reached XP level 4. HP: 49/49 MP: 2/5
   218 | D        | Killed a floating eye
   219 | D        | Reached skill level 5 in Fighting
   219 | D        | Reached skill level 5 in Axes
   219 | D        | Reached XP level 5. HP: 59/59 MP: 2/8
   220 | D        | Reached skill level 6 in Fighting
   365 | D        | Noticed a fire bat
   373 | D        | Killed a fire bat
   373 | D        | Reached ** piety under Okawaru
   374 | D        | Reached skill level 7 in Fighting
   374 | D        | Reached skill level 5 in Throwing
   374 | D        | Reached skill level 5 in Dodging
   374 | D        | Reached XP level 6. HP: 60/71 MP: 9/9
   420 | D        | Noticed a black bear
   455 | D        | Killed a black bear
   456 | D        | Reached skill level 8 in Fighting
   456 | D        | Reached XP level 7. HP: 55/81 MP: 10/10
   788 | D        | Noticed a cyclops
   800 | D        | Killed a cyclops
   800 | D        | Reached *** piety under Okawaru
   801 | D        | Reached skill level 10 in Fighting
   801 | D        | Reached XP level 8. HP: 62/94 MP: 9/11
   836 | D        | Received a gift from Okawaru
   837 | D        | Reached skill level 11 in Fighting
   990 | D        | Noticed a kobold demonologist
   990 | D        | Noticed a deep elf pyromancer
  1003 | D        | Noticed a soul eater
  1007 | D        | Noticed a rust devil
  1010 | D        | Killed a kobold demonologist
  1010 | D        | HP: 2/145 [water moccasin (9)]
  1011 | D        | Succumbed to a water moccasin's poison

Illustrated notes

Levels and vault maps discovered:
D:        pitsprint [storerooms_1, entrance_room_1, metal_vault_4, armoury_1,
          mini_pit_1, grid_room_1, main_hall_1, silver_pit, the_coven_2,
          the_vestibule_1, steel_vault_3, golden_pit, hallway_of_sentries,
          crystal_vault_5, iron_vault_2, final_vault]

Skill      XL: |  1  2  3  4  5  6  7  8 |
---------------+-------------------------+-----
Dodging        | 3 4 5 6 7 8 |  8.4
Fighting       | 3 4 5 7 8 10 11 | 11.4
Stealth        | 1 2 3 |  3.0
Invocations    | 1 2 4 |  4.0
Axes           | 4 5 6 8 9 |  9.5
Throwing       | 3 4 5 6 8 |  8.8
Armour         | 1 2 3 |  3.9

Action                   |  1- 3 |  4- 6 |  7- 9 || total
-------------------------+-------+-------+-------++-------
Melee: War axe           |    24 |    31 |    63 ||   118
       Punch             |       |       |     3 ||     3
       Battleaxe         |       |       |    12 ||    12
Throw: Large rock        |       |     1 |       ||     1
Invok: Heroism           |       |       |     2 ||     2
  Use: Potion            |     2 |     1 |     5 ||     8
 Stab: Sleeping          |       |       |     1 ||     1
Armor: Robe              |     7 |     7 |    11 ||    25
Dodge: Dodged            |    14 |    25 |    49 ||    88

Table legend: (Time is in decaauts)
 A = Elapsed time spent in this place.
 B = Non-inter-level travel time spent in this place.
 C = Inter-level travel time spent in this place.
 D = Time resting spent in this place.
 E = Time spent auto-exploring this place.
 F = Levels seen in this place.
 G = Mean time per level.
                   A        B        C        D        E       F      G
               +--------+--------+--------+--------+--------+-----+--------+
         Total |   1047 |   1028 |     19 |    664 |      0 |   1 | 1047.0 |
       Dungeon |   1047 |   1028 |     19 |    664 |      0 |   1 | 1047.0 |
               +--------+--------+--------+--------+--------+-----+--------+

Top non-repeatable levels by time:
       D: 1047 daAuts
